PHILADELPHIA Flyers vs ANAHEIM Ducks

Created - 20 février 2024 at 18:11

Goals
1 2 3 T
PHILADELPHIA Flyers 1 0 1 2
ANAHEIM Ducks 3 0 1 4
Shots
1 2 3 T
PHILADELPHIA Flyers 5 7 8 20
ANAHEIM Ducks 15 7 11 33

1st period

1. ANAHEIM Ducks , Jeff Carter 4 (Brayden Point 10) at 7:38
2. ANAHEIM Ducks , Brayden Point 6 (Jeff Carter 8, Nick Paul 8) at 11:57
3. ANAHEIM Ducks , Nick Paul 2 (Seth Jones 7, Brayden Point 11) at 16:16
4. PHILADELPHIA Flyers , Noah Juulsen 1 (Claude Giroux 12, Leon Draisaitl 17) at 19:24

Penalties :
No Penalty

2nd period

No Goal

Penalties :
Nick Schmaltz (PHI) for Tripping (Minor) at 8:22, Elias Lindholm (ANA) for Hooking (Minor) at 11:58, Ben Chiarot (PHI) for Slashing (Minor) at 13:36, Mark Giordano (ANA) for Interference (Minor) at 17:18

3rd period

5. ANAHEIM Ducks , Nathan MacKinnon 6 (Elias Lindholm 7, MacKenzie Weegar 8) at 0:42
6. PHILADELPHIA Flyers , Nick Schmaltz 3 (Sean Monahan 7, Justin Schultz 6) at 5:40

Penalties :
Adam Erne (PHI) for Hooking (Minor) at 1:17, MacKenzie Weegar (ANA) for Tripping (Minor) at 4:21, Josh Leivo (PHI) for Roughing (Minor) at 4:21, Elias Lindholm (ANA) for Holding (Minor) at 14:47

Goalie Stats

Connor Hellebuyck (PHI), 29 saves from 33 shots - (0,879), L, 8-4-2, 60:00 minutes
Philipp Grubauer (ANA), 18 saves from 20 shots - (0,900), W, 7-4-0, 60:00 minutes

Players Stats for PHILADELPHIA Flyers

Player Name              G  A  P  +/- PIM S  H  SB GA TA FO     MP     PP MP  PK MP  
------------------------------------------------------------------------------------
Adam Erne                0  0  0   0  2   1  3  2  0  0  0/0    12:11   2:09   0:00 
Alexander Edler          0  0  0  -1  0   0  2  0  0  0  0/0    20:49   1:59   0:00 
Ben Chiarot              0  0  0  -2  2   0  2  1  0  0  0/0    20:57   2:37   1:49 
Chris Tierney            0  0  0  -1  0   0  2  0  0  0  3/10    7:35   0:00   0:00 
Claude Giroux            0  1  1  -2  0   4  0  0  0  0  1/2    24:03   3:27   3:24 
Jakub Voracek            0  0  0  -1  0   1  0  0  0  0  0/1     7:35   0:00   0:00 
Joel Edmundson           0  0  0   1  0   0  3  0  0  0  0/0    17:25   0:59   2:59 
Jonathan Drouin          0  0  0   0  0   0  1  0  0  0  0/0    10:46   0:00   0:55 
Josh Leivo               0  0  0  -1  2   0  1  0  0  0  0/1     8:05   0:00   0:31 
Justin Schultz           0  1  1   0  0   2  1  1  0  0  0/0    21:07   2:38   0:48 
Leon Draisaitl           0  1  1  -2  0   2  1  1  0  0  16/25  24:03   3:27   3:24 
Mike Hoffman             0  0  0  -2  0   3  1  0  0  0  1/4    17:33   2:09   0:00 
Nick Schmaltz            1  0  1   1  2   4  2  0  0  0  2/6    18:41   3:27   1:17 
Noah Juulsen             1  0  1   1  0   1  1  1  0  0  0/0    14:52   0:00   2:58 
Sam Gagner               0  0  0   0  0   0  0  0  0  0  7/12   10:03   0:00   0:00 
Sean Couturier           0  0  0   0  0   2  0  0  0  0  5/17   15:19   0:00   1:41 
Sean Monahan             0  1  1   1  0   0  3  0  0  0  1/3    16:07   2:09   0:00 
Shea Weber               0  0  0  -3  0   0  0  2  0  0  0/0    24:49   2:58   2:38 

Players Stats for ANAHEIM Ducks

Player Name              G  A  P  +/- PIM S  H  SB GA TA FO     MP     PP MP  PK MP  
------------------------------------------------------------------------------------
Brayden Point            1  2  3   2  0   6  1  0  0  0  2/6    18:56   3:01   1:30 
Brett Pesce              0  0  0   0  0   2  1  0  0  0  0/0    23:31   2:35   2:29 
Chandler Stephenson      0  0  0  -1  0   2  3  1  0  0  2/4    19:46   2:35   1:54 
David Kampf              0  0  0   0  0   1  1  0  0  0  7/11   13:31   0:00   3:42 
Derick Brassard          0  0  0   0  0   0  0  0  0  0  0/0     7:57   0:00   0:00 
Elias Lindholm           0  1  1   0  4   4  4  0  0  0  11/27  20:42   3:01   1:27 
Jeff Carter              1  1  2   3  0   3  5  0  0  0  15/21  18:37   2:35   2:07 
Joel Farabee             0  0  0   0  0   2  0  0  0  0  0/1     9:49   0:00   0:00 
Justin Holl              0  0  0  -1  0   0  0  2  0  0  0/0    15:58   0:00   3:07 
MacKenzie Weegar         0  1  1   1  2   0  2  0  0  0  0/0    23:37   3:01   3:07 
Mark Giordano            0  0  0   2  2   0  3  2  0  0  0/0    20:34   2:35   0:00 
Nathan MacKinnon         1  0  1   0  0   4  3  0  0  0  0/0    19:38   3:01   0:00 
Nic Dowd                 0  0  0   0  0   1  1  0  0  0  7/9     8:29   0:00   0:32 
Nick Paul                1  1  2   3  0   4  0  0  0  0  1/1    16:51   2:35   0:00 
Patrick Maroon           0  0  0   0  0   1  1  0  0  0  0/0     7:57   0:00   0:00 
Ryan Lindgren            0  0  0   0  0   0  0  0  0  0  0/0    15:17   0:00   2:29 
Seth Jones               0  1  1   2  0   1  0  1  0  0  0/0    21:01   3:01   0:00 
Warren Foegele           0  0  0   0  0   2  2  0  0  0  0/1     9:49   0:00   0:00 

3 Stars

1 - Jeff Carter (ANA)
2 - Brayden Point (ANA)
3 - Nick Paul (ANA)

Power Play

PHILADELPHIA Flyers - 0 on 3 Attempt(s) - 0,00%
ANAHEIM Ducks - 0 on 3 Attempt(s) - 0,00%

Penalty Kill

PHILADELPHIA Flyers - 3 on 3 Attempt(s) - 100,00% - Score 0 goal in Penalty Kill
ANAHEIM Ducks - 3 on 3 Attempt(s) - 100,00% - Score 0 goal in Penalty Kill

Team Stat

PHILADELPHIA Flyers - Hits : 23 - Faceoff Wins : 36 - Blocked Shots : 8 - Penalty Minutes : 8
ANAHEIM Ducks - Hits : 27 - Faceoff Wins : 45 - Blocked Shots : 6 - Penalty Minutes : 8

Official

Referees : Edward Grudzinski and Kelly Sutherland
Linesman : Brad Kovachik and Libor Suchanek

Game Notes

No Game Note

Finance

Level 1 -- Attendance: 5156 (85,93%) -- Ticket Income $515,600
Level 2 -- Attendance: 4252 (85,04%) -- Ticket Income $255,120
Level 3 -- Attendance: 2000 (100,00%) -- Ticket Income $70,000
Level 4 -- Attendance: 4000 (100,00%) -- Ticket Income $80,000
Luxury Box -- Attendance: 838 (83,80%) -- Ticket Income $167,600
Game was played at the Honda Center.
Total Attendance: 16246 (90,26%)
Total Ticket Income: $1,088,320
Other Income: $272,080
Total Income: $1,360,400

PHILADELPHIA Flyers

5 vs 5 Forward 
   Center                   Left Wing                Right Wing               Time % Phy DF OF 
 1 Leon Draisaitl           Mike Hoffman             Claude Giroux            50     1   2  2  
 2 Sean Couturier           Sean Monahan             Nick Schmaltz            25     1   2  2  
 3 Sam Gagner               Jonathan Drouin          Adam Erne                15     1   2  2  
 4 Chris Tierney            Jakub Voracek            Josh Leivo               10     1   2  2  

5 vs 5 Defense 
   Defense                  Defense                                           Time % Phy DF OF 
 1 Ben Chiarot              Shea Weber                                        40     1   2  2  
 2 Alexander Edler          Justin Schultz                                    30     1   2  2  
 3 Joel Edmundson           Noah Juulsen                                      20     1   2  2  
 4 Alexander Edler          Shea Weber                                        10     1   2  2  

PowerPlay Forward 
   Center                   Left Wing                Right Wing               Time % Phy DF OF 
 1 Nick Schmaltz            Leon Draisaitl           Claude Giroux            60     1   2  2  
 2 Sean Monahan             Mike Hoffman             Adam Erne                40     1   2  2  

PowerPlay Defense
   Defense                  Defense                                           Time % Phy DF OF 
 1 Alexander Edler          Shea Weber                                        60     1   2  2  
 2 Ben Chiarot              Justin Schultz                                    40     1   2  2  

Penalty Kill 4 Players Forward 
   Center                   Wing                     Time % Phy DF OF 
 1 Leon Draisaitl           Claude Giroux            60     1   2  2  
 2 Sean Couturier           Nick Schmaltz            40     1   2  2  

Penalty Kill 4 Players Defense
   Defense                  Defense                  Time % Phy DF OF 
 1 Noah Juulsen             Ben Chiarot              60     1   2  2  
 2 Shea Weber               Joel Edmundson           40     1   2  2  

Penalty Kill - 3 Players Forward 
   Forward                                           Time % Phy DF OF 
 1 Leon Draisaitl                                    60     1   2  2  
 2 Claude Giroux                                     40     1   2  2  

Penalty Kill - 3 Players Defense
   Defense                  Defense                  Time % Phy DF OF 
 1 Shea Weber               Ben Chiarot              60     1   2  2  
 2 Justin Schultz           Joel Edmundson           40     1   2  2  

4 vs 4 Forward 
   Center                   Wing                     Time % Phy DF OF 
 1 Leon Draisaitl           Claude Giroux            60     1   2  2  
 2 Sean Monahan             Nick Schmaltz            40     1   2  2  

4 vs 4 Defense
   Defense                  Defense                  Time % Phy DF OF 
 1 Justin Schultz           Ben Chiarot              60     1   2  2  
 2 Shea Weber               Joel Edmundson           40     1   2  2  

Last Minutes Offensive
   Center                   Left Wing                Right Wing               Defense                  Defense                  
   Claude Giroux            Leon Draisaitl           Nick Schmaltz            Shea Weber               Ben Chiarot              

Last Minutes Defensive
   Center                   Left Wing                Right Wing               Defense                  Defense                  
   Sean Monahan             Jonathan Drouin          Claude Giroux            Alexander Edler          Justin Schultz           

Goaltenders
Starting : Connor Hellebuyck        
Backup : Arturs Silovs            

Extra Forwards
Normal : Sam Gagner, Adam Erne, Jonathan Drouin - PP : Sam Gagner, Adam Erne - PK : Jonathan Drouin
Extra Defensemen
Normal : Justin Schultz, Alexander Edler, Shea Weber - PP : Alexander Edler - PK : Shea Weber, Noah Juulsen
Penalty Shots
Leon Draisaitl, Claude Giroux, Jonathan Drouin, Nick Schmaltz, Mike Hoffman

Scratches
None

ANAHEIM Ducks

5 vs 5 Forward 
   Center                   Left Wing                Right Wing               Time % Phy DF OF 
 1 Elias Lindholm           Chandler Stephenson      Nathan MacKinnon         35     0   2  3  
 2 Jeff Carter              Nick Paul                Brayden Point            35     0   2  3  
 3 David Kampf              Joel Farabee             Warren Foegele           20     1   2  2  
 4 Nic Dowd                 Derick Brassard          Patrick Maroon           10     1   3  1  

5 vs 5 Defense 
   Defense                  Defense                                           Time % Phy DF OF 
 1 Brett Pesce              MacKenzie Weegar                                  40     1   2  2  
 2 Mark Giordano            Seth Jones                                        35     1   2  2  
 3 Justin Holl              Ryan Lindgren                                     20     2   2  1  
 4 Brett Pesce              MacKenzie Weegar                                  5      2   2  1  

PowerPlay Forward 
   Center                   Left Wing                Right Wing               Time % Phy DF OF 
 1 Elias Lindholm           Brayden Point            Nathan MacKinnon         60     0   1  4  
 2 Chandler Stephenson      Nick Paul                Jeff Carter              40     0   1  4  

PowerPlay Defense
   Defense                  Defense                                           Time % Phy DF OF 
 1 Seth Jones               MacKenzie Weegar                                  60     0   1  4  
 2 Mark Giordano            Brett Pesce                                       40     0   1  4  

Penalty Kill 4 Players Forward 
   Center                   Wing                     Time % Phy DF OF 
 1 Elias Lindholm           David Kampf              60     1   3  1  
 2 Chandler Stephenson      Nic Dowd                 40     1   3  1  

Penalty Kill 4 Players Defense
   Defense                  Defense                  Time % Phy DF OF 
 1 Brett Pesce              Ryan Lindgren            60     1   3  1  
 2 MacKenzie Weegar         Justin Holl              40     1   3  1  

Penalty Kill - 3 Players Forward 
   Forward                                           Time % Phy DF OF 
 1 Elias Lindholm                                    60     1   4  0  
 2 Chandler Stephenson                               40     1   4  0  

Penalty Kill - 3 Players Defense
   Defense                  Defense                  Time % Phy DF OF 
 1 Brett Pesce              Ryan Lindgren            60     1   4  0  
 2 MacKenzie Weegar         Justin Holl              40     1   4  0  

4 vs 4 Forward 
   Center                   Wing                     Time % Phy DF OF 
 1 Elias Lindholm           Nathan MacKinnon         60     1   2  2  
 2 Chandler Stephenson      Brayden Point            40     1   2  2  

4 vs 4 Defense
   Defense                  Defense                  Time % Phy DF OF 
 1 MacKenzie Weegar         Brett Pesce              60     1   2  2  
 2 Mark Giordano            Seth Jones               40     1   2  2  

Last Minutes Offensive
   Center                   Left Wing                Right Wing               Defense                  Defense                  
   Elias Lindholm           Brayden Point            Nathan MacKinnon         Seth Jones               MacKenzie Weegar         

Last Minutes Defensive
   Center                   Left Wing                Right Wing               Defense                  Defense                  
   Elias Lindholm           Chandler Stephenson      David Kampf              Ryan Lindgren            Brett Pesce              

Goaltenders
Starting : Philipp Grubauer         
Backup : Brian Elliott            

Extra Forwards
Normal : Jeff Carter, Nick Paul, Joel Farabee - PP : Jeff Carter, Nick Paul - PK : Jeff Carter
Extra Defensemen
Normal : Brett Pesce, Justin Holl, Ryan Lindgren - PP : Brett Pesce - PK : Brett Pesce, Justin Holl
Penalty Shots
Nathan MacKinnon, Brayden Point, Elias Lindholm, Chandler Stephenson, Nick Paul

Scratches
None


% Time on Ice - PHILADELPHIA Flyers

Lines # - Real PCT - Wanted PCT - Time Play
Normal Forward
1 - 33% - 50% - 15:24
2 - 29% - 25% - 13:38
3 - 21% - 15% - 9:51
4 - 16% - 10% - 7:35
Normal Defense
1 - 34% - 40% - 15:44
2 - 35% - 30% - 16:06
3 - 26% - 20% - 11:54
4 - 6% - 10% - 2:44
PP Forward
1 - 62% - 60% - 3:27
2 - 38% - 40% - 2:09
PP Defense
1 - 53% - 60% - 2:58
2 - 47% - 40% - 2:38
PK Forward
1 - 70% - 60% - 3:55
2 - 30% - 40% - 1:41
PK Defense
1 - 62% - 60% - 3:27
2 - 38% - 40% - 2:09
PK3 Forward
1 - 0% - 60%
2 - 0% - 40%
PK3 Defense
1 - 0% - 60%
2 - 0% - 40%
44 Forward
1 - 86% - 60% - 2:00
2 - 14% - 40% - 0:20
44 Defense
1 - 34% - 60% - 0:47
2 - 66% - 40% - 1:33
Last Minute Offensive  - 0:00
Last Minute Defensive  - 0:00
Total
Forward - 60:00
Defense - 60:00

% Time on Ice - ANAHEIM Ducks

Lines # - Real PCT - Wanted PCT - Time Play
Normal Forward
1 - 32% - 35% - 14:47
2 - 30% - 35% - 13:55
3 - 21% - 20% - 9:49
4 - 17% - 10% - 7:57
Normal Defense
1 - 36% - 40% - 16:36
2 - 36% - 35% - 16:37
3 - 27% - 20% - 12:21
4 - 2% - 5% - 0:54
PP Forward
1 - 54% - 60% - 3:01
2 - 46% - 40% - 2:35
PP Defense
1 - 54% - 60% - 3:01
2 - 46% - 40% - 2:35
PK Forward
1 - 90% - 60% - 5:04
2 - 10% - 40% - 0:32
PK Defense
1 - 44% - 60% - 2:29
2 - 56% - 40% - 3:07
PK3 Forward
1 - 0% - 60%
2 - 0% - 40%
PK3 Defense
1 - 0% - 60%
2 - 0% - 40%
44 Forward
1 - 79% - 60% - 1:50
2 - 21% - 40% - 0:30
44 Defense
1 - 41% - 60% - 0:57
2 - 59% - 40% - 1:23
Last Minute Offensive  - 0:00
Last Minute Defensive  - 0:00
Total
Forward - 60:00
Defense - 60:00

Play-by-Play

1st period


0:01 of 1st period - Elias Lindholm wins face-off versus Leon Draisaitl in neutral zone.
0:04 of 1st period - Leon Draisaitl is hit by Chandler Stephenson.
0:14 of 1st period - Shot by Elias Lindholm.
0:14 of 1st period - Stopped by Connor Hellebuyck without a rebound.
0:15 of 1st period - Jeff Carter wins face-off versus Sean Couturier in PHILADELPHIA Flyers zone.
0:15 of 1st period - Brayden Point is hit by Alexander Edler and loses puck.
0:26 of 1st period - Shot by Nick Schmaltz.
0:26 of 1st period - Shot Blocked by Mark Giordano.
0:47 of 1st period - Shot by Justin Schultz.
0:47 of 1st period - Stopped by Philipp Grubauer without a rebound.
0:48 of 1st period - Mike Hoffman wins face-off versus David Kampf in ANAHEIM Ducks zone.
0:51 of 1st period - Shot by Mike Hoffman.
0:51 of 1st period - Stopped by Philipp Grubauer without a rebound.
0:52 of 1st period - David Kampf wins face-off versus Sam Gagner in ANAHEIM Ducks zone.
0:59 of 1st period - Joel Edmundson is hit by David Kampf and loses puck.
1:03 of 1st period - Icing by Joel Edmundson.
1:04 of 1st period - Sam Gagner wins face-off versus Elias Lindholm in PHILADELPHIA Flyers zone.
1:04 of 1st period - Sam Gagner is hit by Chandler Stephenson.
1:10 of 1st period - Joel Edmundson is hit by Elias Lindholm.
1:20 of 1st period - Shot by Elias Lindholm.
1:20 of 1st period - Stopped by Connor Hellebuyck without a rebound.
1:21 of 1st period - Nic Dowd wins face-off versus Leon Draisaitl in PHILADELPHIA Flyers zone.
2:30 of 1st period - Shot by Elias Lindholm.
2:30 of 1st period - Shot Misses the Net.
2:32 of 1st period - Shot by Brett Pesce.
2:32 of 1st period - Stopped by Connor Hellebuyck without a rebound.
2:33 of 1st period - Jeff Carter wins face-off versus Jakub Voracek in PHILADELPHIA Flyers zone.
2:36 of 1st period - Shot by Brayden Point.
2:36 of 1st period - Stopped by Connor Hellebuyck without a rebound.
2:37 of 1st period - Jeff Carter wins face-off versus Chris Tierney in PHILADELPHIA Flyers zone.
2:38 of 1st period - Shot by Brayden Point.
2:38 of 1st period - Deflect By Jeff Carter.
2:38 of 1st period - Shot Misses the Net.
2:40 of 1st period - Shot by Brett Pesce.
2:40 of 1st period - Deflect By Nick Paul.
2:40 of 1st period - Shot Misses the Net.
2:58 of 1st period - Shot by Jakub Voracek.
2:58 of 1st period - Shot Misses the Net.
3:06 of 1st period - Shot by Nick Paul.
3:06 of 1st period - Shot Misses the Net.
3:08 of 1st period - Shot by Brett Pesce.
3:08 of 1st period - Shot Blocked by Justin Schultz.
3:10 of 1st period - Shot by Brett Pesce.
3:10 of 1st period - Shot Misses the Net.
3:12 of 1st period - Shot by Brayden Point.
3:12 of 1st period - Deflect By Jeff Carter.
3:12 of 1st period - Stopped by Connor Hellebuyck with a rebound.
3:55 of 1st period - Joel Edmundson is hit by Nathan MacKinnon and loses puck.
3:59 of 1st period - Noah Juulsen is hit by Nathan MacKinnon and loses puck.
4:03 of 1st period - Off-side.
4:04 of 1st period - Leon Draisaitl wins face-off versus Warren Foegele in neutral zone.
4:23 of 1st period - Shot by Claude Giroux.
4:23 of 1st period - Shot Blocked by Justin Holl.
4:25 of 1st period - Shot by Claude Giroux.
4:25 of 1st period - Shot Misses the Net.
4:27 of 1st period - Shot by Shea Weber.
4:27 of 1st period - Shot Blocked by Justin Holl.
5:39 of 1st period - Shot by MacKenzie Weegar.
5:39 of 1st period - Shot Blocked by Adam Erne.
5:41 of 1st period - Shot by Nathan MacKinnon.
5:41 of 1st period - Stopped by Connor Hellebuyck without a rebound.
5:42 of 1st period - Sean Couturier wins face-off versus Jeff Carter in PHILADELPHIA Flyers zone.
5:59 of 1st period - Shot by Sean Couturier.
5:59 of 1st period - Stopped by Philipp Grubauer with a rebound.
6:09 of 1st period - Shot by Brayden Point.
6:09 of 1st period - Stopped by Connor Hellebuyck without a rebound.
6:10 of 1st period - Nic Dowd wins face-off versus Mike Hoffman in PHILADELPHIA Flyers zone.
6:13 of 1st period - Shot by Nic Dowd.
6:13 of 1st period - Shot Blocked by Ben Chiarot.
6:49 of 1st period - Ben Chiarot is hit by Nic Dowd and loses puck.
7:28 of 1st period - Leon Draisaitl is hit by Jeff Carter and loses puck.
7:33 of 1st period - Shea Weber is hit by Brayden Point and loses puck.
7:38 of 1st period - Shot by Jeff Carter.
7:38 of 1st period - Goal by Jeff Carter - PHILADELPHIA Flyers : 0 - ANAHEIM Ducks : 1.
7:39 of 1st period - Elias Lindholm wins face-off versus Sean Couturier in neutral zone.
7:41 of 1st period - Chandler Stephenson is hit by Sean Monahan and loses puck.
8:01 of 1st period - Icing by Alexander Edler.
8:02 of 1st period - David Kampf wins face-off versus Sean Couturier in PHILADELPHIA Flyers zone.
8:24 of 1st period - Seth Jones is hit by Sean Monahan and loses puck.
8:39 of 1st period - Joel Farabee is hit by Sean Monahan.
9:34 of 1st period - Shot by Nathan MacKinnon.
9:34 of 1st period - Stopped by Connor Hellebuyck with a rebound.
10:02 of 1st period - Icing by Justin Holl.
10:03 of 1st period - Jeff Carter wins face-off versus Leon Draisaitl in ANAHEIM Ducks zone.
10:09 of 1st period - Icing by Nick Paul.
10:10 of 1st period - Leon Draisaitl wins face-off versus Jeff Carter in ANAHEIM Ducks zone.
10:41 of 1st period - Shot by Brayden Point.
10:41 of 1st period - Stopped by Connor Hellebuyck without a rebound.
10:42 of 1st period - David Kampf wins face-off versus Sean Monahan in PHILADELPHIA Flyers zone.
11:17 of 1st period - Shot by Mark Giordano.
11:17 of 1st period - Deflect By Joel Farabee.
11:17 of 1st period - Shot Blocked by Noah Juulsen.
11:19 of 1st period - Shot by Mark Giordano.
11:19 of 1st period - Shot Misses the Net.
11:27 of 1st period - Shot by Warren Foegele.
11:27 of 1st period - Stopped by Connor Hellebuyck without a rebound.
11:28 of 1st period - Leon Draisaitl wins face-off versus Brayden Point in PHILADELPHIA Flyers zone.
11:28 of 1st period - Leon Draisaitl is hit by Jeff Carter.
11:57 of 1st period - Shot by Jeff Carter.
11:57 of 1st period - Deflect By Brayden Point.
11:57 of 1st period - Goal by Brayden Point - PHILADELPHIA Flyers : 0 - ANAHEIM Ducks : 2.
11:58 of 1st period - Elias Lindholm wins face-off versus Chris Tierney in neutral zone.
12:10 of 1st period - Icing by Chandler Stephenson.
12:11 of 1st period - Sam Gagner wins face-off versus Elias Lindholm in ANAHEIM Ducks zone.
12:26 of 1st period - Shot by Sam Gagner.
12:26 of 1st period - Shot Misses the Net.
12:48 of 1st period - Sam Gagner is hit by Elias Lindholm and loses puck.
13:33 of 1st period - Shot by Justin Schultz.
13:33 of 1st period - Shot Misses the Net.
14:40 of 1st period - Mark Giordano is hit by Nick Schmaltz and loses puck.
15:18 of 1st period - Off-side.
15:19 of 1st period - Nic Dowd wins face-off versus Chris Tierney in neutral zone.
15:21 of 1st period - Ryan Lindgren is hit by Chris Tierney and loses puck.
15:36 of 1st period - Shot by Patrick Maroon.
15:36 of 1st period - Stopped by Connor Hellebuyck without a rebound.
15:37 of 1st period - Brayden Point wins face-off versus Sam Gagner in PHILADELPHIA Flyers zone.
15:40 of 1st period - Shot by Nick Paul.
15:40 of 1st period - Stopped by Connor Hellebuyck without a rebound.
15:41 of 1st period - Jeff Carter wins face-off versus Chris Tierney in PHILADELPHIA Flyers zone.
16:10 of 1st period - Shot by Brayden Point.
16:10 of 1st period - Shot Misses the Net.
16:16 of 1st period - Shot by Nick Paul.
16:16 of 1st period - Goal by Nick Paul - PHILADELPHIA Flyers : 0 - ANAHEIM Ducks : 3.
16:17 of 1st period - Elias Lindholm wins face-off versus Sean Couturier in neutral zone.
16:23 of 1st period - Nathan MacKinnon is hit by Joel Edmundson and loses puck.
16:53 of 1st period - Chandler Stephenson is hit by Noah Juulsen and loses puck.
18:00 of 1st period - Shot by Claude Giroux.
18:00 of 1st period - Shot Misses the Net.
18:24 of 1st period - Shot by Adam Erne.
18:24 of 1st period - Shot Misses the Net.
18:26 of 1st period - Shot by Sam Gagner.
18:26 of 1st period - Shot Misses the Net.
18:55 of 1st period - Icing by Ryan Lindgren.
18:56 of 1st period - Chris Tierney wins face-off versus Jeff Carter in ANAHEIM Ducks zone.
19:14 of 1st period - Off-side.
19:15 of 1st period - Leon Draisaitl wins face-off versus Elias Lindholm in neutral zone.
19:15 of 1st period - Leon Draisaitl is hit by Elias Lindholm.
19:22 of 1st period - Shot by Claude Giroux.
19:22 of 1st period - Shot Blocked by Chandler Stephenson.
19:24 of 1st period - Shot by Noah Juulsen.
19:24 of 1st period - Goal by Noah Juulsen - PHILADELPHIA Flyers : 1 - ANAHEIM Ducks : 3.
19:25 of 1st period - Leon Draisaitl wins face-off versus Elias Lindholm in neutral zone.
19:34 of 1st period - Shot by Claude Giroux.
19:34 of 1st period - Shot Misses the Net.
19:36 of 1st period - Shot by Claude Giroux.
19:36 of 1st period - Stopped by Philipp Grubauer without a rebound.
19:37 of 1st period - Sean Couturier wins face-off versus Nic Dowd in ANAHEIM Ducks zone.
Goals for this period are 1 for PHILADELPHIA Flyers vs 3 for ANAHEIM Ducks.
Shots for this period are 5 for PHILADELPHIA Flyers vs 15 for ANAHEIM Ducks.

2nd period


0:01 of 2nd period - Leon Draisaitl wins face-off versus Elias Lindholm in neutral zone.
0:43 of 2nd period - Shot by Chandler Stephenson.
0:43 of 2nd period - Stopped by Connor Hellebuyck without a rebound.
0:44 of 2nd period - Jeff Carter wins face-off versus Sean Couturier in PHILADELPHIA Flyers zone.
0:55 of 2nd period - Shot by Jeff Carter.
0:55 of 2nd period - Stopped by Connor Hellebuyck without a rebound.
0:56 of 2nd period - David Kampf wins face-off versus Chris Tierney in PHILADELPHIA Flyers zone.
0:56 of 2nd period - David Kampf is hit by Joel Edmundson.
2:21 of 2nd period - Shot by Claude Giroux.
2:21 of 2nd period - Shot Misses the Net.
2:23 of 2nd period - Shot by Claude Giroux.
2:23 of 2nd period - Stopped by Philipp Grubauer without a rebound.
2:24 of 2nd period - Elias Lindholm wins face-off versus Sean Couturier in ANAHEIM Ducks zone.
2:24 of 2nd period - Elias Lindholm is hit by Nick Schmaltz.
3:32 of 2nd period - Off-side.
3:33 of 2nd period - Leon Draisaitl wins face-off versus Brayden Point in neutral zone.
5:34 of 2nd period - Shot by Nathan MacKinnon.
5:34 of 2nd period - Stopped by Connor Hellebuyck without a rebound.
5:35 of 2nd period - David Kampf wins face-off versus Sean Couturier in PHILADELPHIA Flyers zone.
7:04 of 2nd period - Shot by Nathan MacKinnon.
7:04 of 2nd period - Shot Misses the Net.
7:06 of 2nd period - Shot by Elias Lindholm.
7:06 of 2nd period - Shot Misses the Net.
7:31 of 2nd period - Icing by MacKenzie Weegar.
7:32 of 2nd period - Chris Tierney wins face-off versus Jeff Carter in ANAHEIM Ducks zone.
7:44 of 2nd period - Shot by Jakub Voracek.
7:44 of 2nd period - Stopped by Philipp Grubauer without a rebound.
7:45 of 2nd period - Sam Gagner wins face-off versus David Kampf in ANAHEIM Ducks zone.
7:59 of 2nd period - Off-side.
8:00 of 2nd period - Jeff Carter wins face-off versus Sean Couturier in neutral zone.
8:06 of 2nd period - Icing by Shea Weber.
8:07 of 2nd period - Sean Couturier wins face-off versus Jeff Carter in PHILADELPHIA Flyers zone.
8:13 of 2nd period - Nick Schmaltz is hit by Jeff Carter.
8:22 of 2nd period - Minor Penalty to Nick Schmaltz for Tripping.
8:23 of 2nd period - Leon Draisaitl wins face-off versus Elias Lindholm in PHILADELPHIA Flyers zone.
8:58 of 2nd period - Shot by Seth Jones.
8:58 of 2nd period - Shot Blocked by Leon Draisaitl.
9:39 of 2nd period - Icing by Chandler Stephenson.
9:40 of 2nd period - Chandler Stephenson wins face-off versus Leon Draisaitl in ANAHEIM Ducks zone.
9:58 of 2nd period - Shot by Brett Pesce.
9:58 of 2nd period - Stopped by Connor Hellebuyck without a rebound.
9:59 of 2nd period - Leon Draisaitl wins face-off versus Elias Lindholm in PHILADELPHIA Flyers zone.
9:59 of 2nd period - Leon Draisaitl is hit by Nathan MacKinnon.
10:31 of 2nd period - Shot by Nick Schmaltz.
10:31 of 2nd period - Stopped by Philipp Grubauer without a rebound.
10:32 of 2nd period - Nic Dowd wins face-off versus Josh Leivo in ANAHEIM Ducks zone.
11:23 of 2nd period - Icing by Justin Schultz.
11:24 of 2nd period - Elias Lindholm wins face-off versus Chris Tierney in PHILADELPHIA Flyers zone.
11:31 of 2nd period - Alexander Edler is hit by Chandler Stephenson and loses puck.
11:58 of 2nd period - Minor Penalty to Elias Lindholm for Hooking.
11:59 of 2nd period - Nick Schmaltz wins face-off versus Jeff Carter in ANAHEIM Ducks zone.
12:37 of 2nd period - Icing by Leon Draisaitl.
12:38 of 2nd period - Jeff Carter wins face-off versus Nick Schmaltz in PHILADELPHIA Flyers zone.
12:39 of 2nd period - Shot by David Kampf.
12:39 of 2nd period - Shot Misses the Net.
13:21 of 2nd period - Shot by Justin Schultz.
13:21 of 2nd period - Stopped by Philipp Grubauer with a rebound.
13:33 of 2nd period - Shot by Brayden Point.
13:33 of 2nd period - Shot Blocked by Adam Erne.
13:36 of 2nd period - Minor Penalty to Ben Chiarot for Slashing.
13:37 of 2nd period - Nick Paul wins face-off versus Leon Draisaitl in PHILADELPHIA Flyers zone.
13:38 of 2nd period - Shot by Nathan MacKinnon.
13:38 of 2nd period - Shot Blocked by Shea Weber.
13:45 of 2nd period - Shot by Claude Giroux.
13:45 of 2nd period - Shot Misses the Net.
13:47 of 2nd period - Shot by Claude Giroux.
13:47 of 2nd period - Shot Misses the Net.
14:25 of 2nd period - Shot by Brayden Point.
14:25 of 2nd period - Deflect By Elias Lindholm.
14:25 of 2nd period - Stopped by Connor Hellebuyck without a rebound.
14:26 of 2nd period - Claude Giroux wins face-off versus Chandler Stephenson in PHILADELPHIA Flyers zone.
15:49 of 2nd period - Shot by Adam Erne.
15:49 of 2nd period - Shot Misses the Net.
15:51 of 2nd period - Shot by Adam Erne.
15:51 of 2nd period - Shot Misses the Net.
15:53 of 2nd period - Shot by Sam Gagner.
15:53 of 2nd period - Shot Misses the Net.
15:55 of 2nd period - Shot by Ben Chiarot.
15:55 of 2nd period - Shot Misses the Net.
15:57 of 2nd period - Shot by Jonathan Drouin.
15:57 of 2nd period - Shot Misses the Net.
15:59 of 2nd period - Shot by Adam Erne.
15:59 of 2nd period - Stopped by Philipp Grubauer without a rebound.
16:00 of 2nd period - Nic Dowd wins face-off versus Chris Tierney in ANAHEIM Ducks zone.
16:00 of 2nd period - Nic Dowd is hit by Josh Leivo.
16:03 of 2nd period - Icing by MacKenzie Weegar.
16:04 of 2nd period - Nic Dowd wins face-off versus Sean Couturier in ANAHEIM Ducks zone.
16:13 of 2nd period - Shot by Nic Dowd.
16:13 of 2nd period - Stopped by Connor Hellebuyck with a rebound.
16:50 of 2nd period - Icing by Justin Schultz.
16:51 of 2nd period - Jeff Carter wins face-off versus Nick Schmaltz in PHILADELPHIA Flyers zone.
17:00 of 2nd period - Shot by Brayden Point.
17:00 of 2nd period - Stopped by Connor Hellebuyck without a rebound.
17:01 of 2nd period - Elias Lindholm wins face-off versus Leon Draisaitl in PHILADELPHIA Flyers zone.
17:18 of 2nd period - Minor Penalty to Mark Giordano for Interference.
17:19 of 2nd period - Elias Lindholm wins face-off versus Nick Schmaltz in ANAHEIM Ducks zone.
17:38 of 2nd period - Shot by Claude Giroux.
17:38 of 2nd period - Stopped by Philipp Grubauer without a rebound.
17:39 of 2nd period - Elias Lindholm wins face-off versus Sean Monahan in ANAHEIM Ducks zone.
17:39 of 2nd period - Elias Lindholm is hit by Adam Erne.
18:41 of 2nd period - Shot by Leon Draisaitl.
18:41 of 2nd period - Shot Misses the Net.
18:43 of 2nd period - Shot by Leon Draisaitl.
18:43 of 2nd period - Stopped by Philipp Grubauer without a rebound.
18:44 of 2nd period - Chandler Stephenson wins face-off versus Claude Giroux in ANAHEIM Ducks zone.
19:42 of 2nd period - Joel Edmundson is hit by Jeff Carter and loses puck.
19:58 of 2nd period - Chris Tierney is hit by Mark Giordano and loses puck.
Goals for this period are 0 for PHILADELPHIA Flyers vs 0 for ANAHEIM Ducks.
Shots for this period are 7 for PHILADELPHIA Flyers vs 7 for ANAHEIM Ducks.

3rd period


0:01 of 3rd period - Leon Draisaitl wins face-off versus Elias Lindholm in neutral zone.
0:12 of 3rd period - Shot by Elias Lindholm.
0:12 of 3rd period - Shot Blocked by Shea Weber.
0:40 of 3rd period - Shot by Elias Lindholm.
0:40 of 3rd period - Stopped by Connor Hellebuyck with a rebound.
0:42 of 3rd period - Shot by Nathan MacKinnon.
0:42 of 3rd period - Goal by Nathan MacKinnon - PHILADELPHIA Flyers : 1 - ANAHEIM Ducks : 4.
0:43 of 3rd period - Jeff Carter wins face-off versus Sean Couturier in neutral zone.
1:15 of 3rd period - Shot by Nick Schmaltz.
1:15 of 3rd period - Stopped by Philipp Grubauer without a rebound.
1:16 of 3rd period - David Kampf wins face-off versus Sam Gagner in ANAHEIM Ducks zone.
1:16 of 3rd period - David Kampf is hit by Jonathan Drouin.
1:17 of 3rd period - Minor Penalty to Adam Erne for Hooking.
1:18 of 3rd period - Leon Draisaitl wins face-off versus Elias Lindholm in PHILADELPHIA Flyers zone.
1:45 of 3rd period - Shot by Seth Jones.
1:45 of 3rd period - Stopped by Connor Hellebuyck without a rebound.
1:46 of 3rd period - Leon Draisaitl wins face-off versus Chandler Stephenson in PHILADELPHIA Flyers zone.
2:52 of 3rd period - Shot by Brayden Point.
2:52 of 3rd period - Shot Misses the Net.
3:02 of 3rd period - Nick Schmaltz is hit by Elias Lindholm and loses puck.
4:13 of 3rd period - Justin Schultz is hit by MacKenzie Weegar and loses puck.
4:21 of 3rd period - Minor Penalty to MacKenzie Weegar for Tripping.
4:21 of 3rd period - Minor Penalty to Josh Leivo for Roughing.
4:22 of 3rd period - Elias Lindholm wins face-off versus Leon Draisaitl in ANAHEIM Ducks zone.
4:37 of 3rd period - Shot by Elias Lindholm.
4:37 of 3rd period - Shot Misses the Net.
5:38 of 3rd period - Shot by Sean Monahan.
5:38 of 3rd period - Shot Misses the Net.
5:40 of 3rd period - Shot by Nick Schmaltz.
5:40 of 3rd period - Goal by Nick Schmaltz - PHILADELPHIA Flyers : 2 - ANAHEIM Ducks : 4.
5:41 of 3rd period - Sam Gagner wins face-off versus Elias Lindholm in neutral zone.
5:46 of 3rd period - Brett Pesce is hit by Adam Erne and loses puck.
5:52 of 3rd period - Icing by Nathan MacKinnon.
5:53 of 3rd period - Leon Draisaitl wins face-off versus Elias Lindholm in ANAHEIM Ducks zone.
6:07 of 3rd period - Off-side.
6:08 of 3rd period - Leon Draisaitl wins face-off versus Elias Lindholm in neutral zone.
6:23 of 3rd period - Shot by Nick Paul.
6:23 of 3rd period - Shot Misses the Net.
6:31 of 3rd period - Shot by Brayden Point.
6:31 of 3rd period - Shot Misses the Net.
6:33 of 3rd period - Shot by Justin Holl.
6:33 of 3rd period - Shot Misses the Net.
6:35 of 3rd period - Shot by Jeff Carter.
6:35 of 3rd period - Shot Misses the Net.
6:45 of 3rd period - Shot by Brayden Point.
6:45 of 3rd period - Stopped by Connor Hellebuyck without a rebound.
6:46 of 3rd period - Sam Gagner wins face-off versus David Kampf in PHILADELPHIA Flyers zone.
7:09 of 3rd period - Shot by Joel Farabee.
7:09 of 3rd period - Stopped by Connor Hellebuyck without a rebound.
7:10 of 3rd period - Sean Couturier wins face-off versus Elias Lindholm in PHILADELPHIA Flyers zone.
7:14 of 3rd period - Icing by Sean Monahan.
7:15 of 3rd period - Elias Lindholm wins face-off versus Sean Couturier in PHILADELPHIA Flyers zone.
7:31 of 3rd period - Shot by Sean Couturier.
7:31 of 3rd period - Stopped by Philipp Grubauer without a rebound.
7:32 of 3rd period - Jeff Carter wins face-off versus Mike Hoffman in ANAHEIM Ducks zone.
7:32 of 3rd period - Jeff Carter is hit by Leon Draisaitl.
7:39 of 3rd period - Jeff Carter is hit by Ben Chiarot and loses puck.
7:48 of 3rd period - Shot by Leon Draisaitl.
7:48 of 3rd period - Stopped by Philipp Grubauer without a rebound.
7:49 of 3rd period - Nick Schmaltz wins face-off versus Elias Lindholm in ANAHEIM Ducks zone.
8:14 of 3rd period - Shot by Justin Schultz.
8:14 of 3rd period - Shot Misses the Net.
8:54 of 3rd period - Shot by Leon Draisaitl.
8:54 of 3rd period - Shot Misses the Net.
8:57 of 3rd period - Mike Hoffman is hit by Mark Giordano and loses puck.
9:12 of 3rd period - Shot by Leon Draisaitl.
9:12 of 3rd period - Shot Misses the Net.
9:16 of 3rd period - Shot by Claude Giroux.
9:16 of 3rd period - Shot Blocked by Mark Giordano.
9:18 of 3rd period - Shot by Leon Draisaitl.
9:18 of 3rd period - Deflect By Claude Giroux.
9:18 of 3rd period - Stopped by Philipp Grubauer without a rebound.
9:19 of 3rd period - Jeff Carter wins face-off versus Sam Gagner in ANAHEIM Ducks zone.
9:24 of 3rd period - Joel Edmundson is hit by Jeff Carter and loses puck.
9:39 of 3rd period - MacKenzie Weegar is hit by Adam Erne.
9:49 of 3rd period - Shot by Brayden Point.
9:49 of 3rd period - Shot Misses the Net.
10:00 of 3rd period - Jonathan Drouin is hit by Brett Pesce and loses puck.
11:21 of 3rd period - Shot by Joel Farabee.
11:21 of 3rd period - Stopped by Connor Hellebuyck without a rebound.
11:22 of 3rd period - Chris Tierney wins face-off versus Nic Dowd in PHILADELPHIA Flyers zone.
11:22 of 3rd period - Chris Tierney is hit by Patrick Maroon.
11:31 of 3rd period - Shot by Shea Weber.
11:31 of 3rd period - Shot Misses the Net.
11:33 of 3rd period - Shot by Shea Weber.
11:33 of 3rd period - Shot Misses the Net.
11:58 of 3rd period - Jakub Voracek is hit by Mark Giordano and loses puck.
12:39 of 3rd period - Shot by Nathan MacKinnon.
12:39 of 3rd period - Shot Misses the Net.
12:41 of 3rd period - Shot by Chandler Stephenson.
12:41 of 3rd period - Stopped by Connor Hellebuyck without a rebound.
12:42 of 3rd period - Sam Gagner wins face-off versus David Kampf in PHILADELPHIA Flyers zone.
12:42 of 3rd period - Sam Gagner is hit by Warren Foegele.
13:04 of 3rd period - Shot by David Kampf.
13:04 of 3rd period - Stopped by Connor Hellebuyck without a rebound.
13:05 of 3rd period - Jeff Carter wins face-off versus Sean Couturier in PHILADELPHIA Flyers zone.
13:05 of 3rd period - Jeff Carter is hit by Ben Chiarot.
13:07 of 3rd period - Shot by Nick Paul.
13:07 of 3rd period - Stopped by Connor Hellebuyck without a rebound.
13:08 of 3rd period - Jeff Carter wins face-off versus Leon Draisaitl in PHILADELPHIA Flyers zone.
13:27 of 3rd period - Shot by Leon Draisaitl.
13:27 of 3rd period - Shot Misses the Net.
13:33 of 3rd period - Shot by Leon Draisaitl.
13:33 of 3rd period - Shot Misses the Net.
13:50 of 3rd period - MacKenzie Weegar is hit by Mike Hoffman.
14:25 of 3rd period - Nathan MacKinnon is hit by Alexander Edler and loses puck.
14:40 of 3rd period - Shot by Justin Schultz.
14:40 of 3rd period - Shot Blocked by Seth Jones.
14:47 of 3rd period - Minor Penalty to Elias Lindholm for Holding.
14:48 of 3rd period - Sean Monahan wins face-off versus Brayden Point in ANAHEIM Ducks zone.
15:08 of 3rd period - Shot by Mike Hoffman.
15:08 of 3rd period - Stopped by Philipp Grubauer without a rebound.
15:09 of 3rd period - Jeff Carter wins face-off versus Nick Schmaltz in ANAHEIM Ducks zone.
16:45 of 3rd period - Shot by Mike Hoffman.
16:45 of 3rd period - Stopped by Philipp Grubauer without a rebound.
16:46 of 3rd period - Brayden Point wins face-off versus Mike Hoffman in ANAHEIM Ducks zone.
16:50 of 3rd period - Ryan Lindgren is hit by Joel Edmundson and loses puck.
17:26 of 3rd period - Seth Jones is hit by Chris Tierney and loses puck.
17:42 of 3rd period - Icing by Seth Jones.
17:43 of 3rd period - Nic Dowd wins face-off versus Sam Gagner in ANAHEIM Ducks zone.
18:13 of 3rd period - Icing by Brett Pesce.
18:14 of 3rd period - Leon Draisaitl wins face-off versus Elias Lindholm in ANAHEIM Ducks zone.
18:14 of 3rd period - Leon Draisaitl is hit by MacKenzie Weegar.
18:52 of 3rd period - Icing by Brett Pesce.
18:53 of 3rd period - Sean Couturier wins face-off versus Elias Lindholm in ANAHEIM Ducks zone.
19:22 of 3rd period - Shot by Nick Schmaltz.
19:22 of 3rd period - Stopped by Philipp Grubauer without a rebound.
19:23 of 3rd period - Sam Gagner wins face-off versus Brayden Point in ANAHEIM Ducks zone.
19:30 of 3rd period - Shot by Adam Erne.
19:30 of 3rd period - Shot Misses the Net.
19:38 of 3rd period - Shot by Brayden Point.
19:38 of 3rd period - Shot Misses the Net.
19:41 of 3rd period - Jeff Carter is hit by Justin Schultz and loses puck.
19:46 of 3rd period - Shot by Brayden Point.
19:46 of 3rd period - Shot Misses the Net.
19:48 of 3rd period - Shot by Nick Paul.
19:48 of 3rd period - Stopped by Connor Hellebuyck without a rebound.
19:49 of 3rd period - David Kampf wins face-off versus Leon Draisaitl in PHILADELPHIA Flyers zone.
19:54 of 3rd period - Shot by Warren Foegele.
19:54 of 3rd period - Stopped by Connor Hellebuyck without a rebound.
19:55 of 3rd period - Leon Draisaitl wins face-off versus Joel Farabee in PHILADELPHIA Flyers zone.
19:57 of 3rd period - Mike Hoffman is hit by Warren Foegele and loses puck.
Goals for this period are 1 for PHILADELPHIA Flyers vs 1 for ANAHEIM Ducks.
Shots for this period are 8 for PHILADELPHIA Flyers vs 11 for ANAHEIM Ducks. Output by the SimonT Hockey Simulator (STHS) for Martin Benoit - Original Page W3C HTML5 Valid
Hockey Simulator - Hockey Simulation - Hockey Manager